 Dungeon Crawl Stone Soup version 0.24-a0-736-g4e6fe308c7 (webtiles) character file.

Game seed: 7933585944550576757, levelgen mode: deterministic

2200 MisterFreud the Nimble (level 9, -2/53 HPs)
             Began as an Octopode Transmuter on Oct 2, 2019.
             Was a Follower of Cheibriados.
             Slain by a killer bee (3 damage)
             ... on level 7 of the Dungeon.
             The game lasted 00:29:43 (8244 turns).

MisterFreud the Nimble (Octopode Transmuter)        Turns: 8244, Time: 00:29:44

Health: -2/53      AC:  1    Str: 11    XL:     9   Next: 34%
Magic:  9/13       EV: 19    Int: 21    God:    Cheibriados [*.....]
Gold:   253        SH:  0    Dex: 16    Spells: 5/16 levels left

rFire    + . .     SeeInvis .     - Unarmed
rCold    . . .     Gourm    .   (shield currently unavailable)
rNeg     . . .     Faith    .   (helmet restricted)
rPois    .         Spirit   .   (no amulet)
rElec    .         Reflect  .   f - ring of protection from fire
rCorr    .         Harm     .   n - +2 ring of dexterity
MR       .....                  (no ring)
Stlth    ++........             (no ring)
HPRegen  0.17/turn              (no ring)
MPRegen  0.13/turn              (no ring)
                                (no ring)
                                (no ring)

@: lethally poisoned (-2 -> -5), about to teleport, blade tentacles, very slow
A: almost no armour, stealthy swim, amphibious, 8 rings, constrict 8, camouflage
1, low mp 1, gelatinous body 1
a: End Transformation, Bend Time, Renounce Religion


You were on level 7 of the Dungeon.
You worshipped Cheibriados.
Cheibriados was aware of your devotion.
You were not hungry.
You had blades for tentacles.
You visited 2 branches of the dungeon, and saw 8 of its levels.
You also visited: Sewer.

You collected 253 gold pieces.

Inventory:

Missiles
 a - 140 arrows
 b - 270 stones (quivered)
 d - 15 poisoned darts
 k - 3 throwing nets
 w - 40 bolts
 y - 5 boomerangs
Armour
 o - a +0 shield
Jewellery
 f - a ring of protection from fire (left scythe-like blade)
 n - a +2 ring of dexterity (right scythe-like blade)
Wands
 g - a wand of enslavement (2)
Scrolls
 h - a scroll of enchant weapon
 i - 5 scrolls of remove curse
 m - a scroll of enchant armour
 p - 5 scrolls of blinking
 q - 2 scrolls of fog
 s - a scroll of fear
 u - 2 scrolls of teleportation
Potions
 e - 3 potions of flight
 j - a potion of haste
 l - a potion of lignification
 r - 3 potions of heal wounds
 t - 3 potions of curing
 v - a potion of brilliance
 z - a potion of berserk rage {unknown}
Comestibles
 c - 12 rations
 x - 6 chunks of flesh


   Skills:
 - Level 1.0 Fighting
 - Level 8.0 Dodging
 - Level 6.0 Unarmed Combat
 - Level 4.0 Spellcasting
 - Level 6.0 Transmutations
 + Level 3.6 Invocations


You had 5 spell levels left.
You knew the following spells:

 Your Spells              Type           Power        Failure   Level  Hunger
a - Beastly Appendage     Tmut           ####..       16%         1    None
b - Sticks to Snakes      Tmut           ####....     19%         2    #......
c - Spider Form           Tmut/Pois      ###.......   47%         3    ###....
d - Blade Hands           Tmut           ####......   71%         5    ######.

Your spell library contained the following spells:

 Spells                   Type           Power        Failure   Level  Hunger
 Passwall                 Tmut/Erth      ###.....     34%         2    #......
 Sandblast                Erth           #.....       50%         1    None
 Stone Arrow              Conj/Erth      #.....       77%         3    ###....
 Ice Form                 Ice/Tmut       ###.....     77%         4    ####...
 Petrify                  Tmut/Erth      ###.....     77%         4    ####...
 Lee's Rapid Deconstruct  Erth           #.........   100%        5    ######.


Dungeon Overview and Level Annotations

Branches:
Dungeon (7/15)             Temple (1/1) D:6           Sewer (visited)

Altars:
Cheibriados
Hepliaklqana
Kikubaaqudgha
Nemelex Xobeh
Okawaru
Qazlal
Ru
Sif Muna
The Shining One

Shops:
D:5 (   D:6 :


Innate Abilities, Weirdness & Mutations

You cannot wear most types of armour.
You are very stealthy in the water. (Stealth+)
You are amphibious.
You can wear up to eight rings at the same time.
You can use your tentacles to constrict eight enemies at once.
Your skin changes colour to match your surroundings (Stealth+).
Your rubbery body absorbs attacks. (AC +1, EV +1)
Your magical capacity is low. (-10% MP)


Message History

The killer bee stings you.
Unknown command.
Evoke which item? (* to show all) (? for menu, Esc to quit)
Okay, then.
Unknown command.
Unknown command.
Unknown command.
As you read the scroll of teleportation, it crumbles to dust.
You feel strangely unstable. The killer bee closely misses you. x4
You barely miss the killer bee. Your grab misses the killer bee.
You feel sick. The killer bee misses you. The killer bee stings you.
The killer bee misses you. x2
You barely miss the killer bee. Your grab misses the killer bee.
A killer bee comes into view.
The killer bee stings you!
* * * LOW HITPOINT WARNING * * *
The killer bee barely misses you. The killer bee stings you!
* * * LOW HITPOINT WARNING * * *
The killer bee stings you.
You die...

#.#.# .# # #.#.# #.
#. ##.#.#.# #.#. .#
#.#.#.# #.#.#.#.
#..y.# #.#.#.#.#
#.$.# #.#.#.#.#.
###y..+#.#.#.#.#.#
#yyly.#.#.#.#.#.#.
#@##.<.#.#.#.#.#.#
#...#.#.#.#.#.#.#.
.$..#.#.#.#.#.#.#.#
####.#.#.#.#.#.#.#.
##.#.#.#.#.#.#.#
#.#.#.#.#.#.#.#.
##.#.#.#.#.#.#.#
#.#.#.#.#.#.#.#.
##.#.#.#.#.#.#.#


You could see an iguana and 5 killer bees.

Vanquished Creatures
  2 hippogriffs (D:7)
  Eustachio (D:6)
  Purgy (Sewer)
  An ice beast (D:6)
  A phantom (D:4)
  2 ogres
  A centaur (D:5)
  A bullfrog (D:5)
  Blork the orc (D:5)
  A water moccasin zombie (D:5)
  A scorpion (D:7)
  A killer bee (D:7)
  A howler monkey (D:4)
  2 crimson imps (D:5)
  3 hounds
  An orc priest (D:5)
  2 bullfrog skeletons (D:4)
  4 iguanas
  3 orc wizards
  6 worker ants
  A hound skeleton (D:4)
  Robin (D:2)
  3 gnolls (D:6)
  8 adders
  A shadow imp (D:5)
  3 worms
  2 dart slugs
  7 leopard geckos
  19 orcs
  6 ball pythons
  3 bats
  15 giant cockroaches
  13 goblins
  6 hobgoblins
  9 jackals
  2 quokkas (D:6)
  13 frilled lizards
  A giant cockroach zombie (D:5)
  10 kobolds
  A leopard gecko zombie (D:7)
  A quokka skeleton (D:7)
  A quokka zombie (D:6)
  6 rats
168 creatures vanquished.

Notes
Turn   | Place    | Note
-------+----------+-------------------------------------------
     0 | D:1      | MisterFreud the Octopode Transmuter began the quest for the
                  | Orb.
     0 | D:1      | Reached XP level 1. HP: 13/13 MP: 3/3
    80 | D:1      | Reached XP level 2. HP: 7/18 MP: 5/5
   722 | D:1      | Learned a level 2 spell: Sticks to Snakes
   724 | D:1      | Reached XP level 3. HP: 19/23 MP: 6/6
   729 | D:1      | Learned a level 3 spell: Spider Form
  1212 | D:2      | Identified the cursed +0 helmet of Kuphulum {Int+2}
  1212 | D:2      | Noticed Robin
  1239 | D:2      | Killed Robin
  1437 | D:2      | Reached XP level 4. HP: 21/28 MP: 3/8
  2256 | D:3      | Found a shimmering blue altar of Sif Muna.
  2316 | D:3      | Reached XP level 5. HP: 27/33 MP: 9/9
  3107 | D:4      | Reached skill level 5 in Transmutations
  3276 | D:4      | Reached XP level 6. HP: 4/38 MP: 6/10
  4089 | D:5      | Entered Level 5 of the Dungeon
  4096 | D:5      | Reached skill level 5 in Unarmed Combat
  4096 | D:5      | Reached XP level 7. HP: 41/43 MP: 7/11
  4127 | D:5      | Found a glowing drain.
  4150 | Sewer    | Entered a sewer
  4199 | Sewer    | Noticed Purgy
  4661 | Sewer    | Killed Purgy
  4661 | Sewer    | Reached skill level 3 in Dodging
  4797 | D:5      | Noticed Blork the orc
  4808 | D:5      | Killed Blork the orc
  4992 | D:5      | Reached skill level 4 in Dodging
  4996 | D:5      | Found a sacrificial altar of Ru.
  5108 | D:4      | Reached skill level 5 in Dodging
  5108 | D:4      | Reached XP level 8. HP: 5/48 MP: 10/12
  5404 | D:5      | Found a sparkling altar of Nemelex Xobeh.
  5749 | D:5      | Found Ereuplef's Weapon Shoppe.
  5882 | D:5      | Reached skill level 6 in Dodging
  5931 | D:5      | Learned a level 5 spell: Blade Hands
  6207 | D:6      | Noticed Eustachio
  6229 | D:6      | Killed Eustachio
  6513 | D:6      | Found Giz Zutz's Book Shop.
  6843 | D:6      | Found a glowing golden altar of the Shining One.
  6914 | D:6      | Found a staircase to the Ecumenical Temple.
  6952 | Temple   | Entered the Ecumenical Temple
  6963 | Temple   | Became a worshipper of Cheibriados the Contemplative
  7170 | D:7      | Reached skill level 7 in Dodging
  7181 | D:7      | Noticed a hippogriff
  7190 | D:7      | Killed a hippogriff
  7190 | D:7      | Reached XP level 9. HP: 11/53 MP: 9/15
  7549 | D:7      | Reached skill level 8 in Dodging
  7809 | D:7      | Found an ancient bone altar of Kikubaaqudgha.
  7913 | D:7      | Gained mutation: Your magical capacity is low. (-10% MP)
                  | [miscasting Blade Hands]
  8025 | D:7      | Reached skill level 1 in Invocations
  8191 | D:7      | Reached * piety under Cheibriados
  8244 | D:7      | HP: 1/53 [killer bee (9)]
  8244 | D:7      | Slain by a killer bee

Levels and vault maps discovered:
D:1:      minmay_arrival_stone_box, layout_rooms, minmay_lizard_king
D:2:      minmay_roachtagon, layout_basic, first_ration, uniq_robin
D:3:      layout_rooms, led_sif_pool, serial_rivers,
          chequers_serial_rivers_small_b, chequers_serial_rivers_small_b,
          chequers_serial_rivers_small_3, chequers_serial_rivers_room_a,
          chequers_serial_rivers_marsh, chequers_serial_rivers_micro_d,
          kennysheep_crisscross
D:4:      layout_basic, kennysheep_generic_room_10
D:5:      layout_loops_cross, nemelex_xobeh_ov_fountains_minmay,
          old_standard_altar, portal_sewer_entry_f, serial_shops, shop,
          minmay_pentangle, uniq_blork_the_orc
D:6:      layout_cave_pools, tso_oasis_becter,
          minmay_temple_entry_enclosed_plants, serial_shops,
          nicolae_shop_crystal, minmay_misc_feat_cross, uniq_eustachio
D:7:      layout_basic, overflow_temple_1_default, biasface_ghost_orc_armoury
Temple:   eino_temple_scatter_basement

Skill      XL: |  1  2  3  4  5  6  7  8  9 |
---------------+----------------------------+-----
Transmutations | 3 4 5 6 |  6.0
Spellcasting   | 3 4 |  4.0
Unarmed Combat | 5 6 |  6.0
Dodging        | 5 7 8 |  8.0
Invocations    | 3 |  3.6
Fighting       | |  1.0

Action                   |  1- 3 |  4- 6 |  7- 9 || total
-------------------------+-------+-------+-------++-------
Melee: Unarmed           |    94 |   143 |   263 ||   500
       Constrict         |    22 |    19 |    20 ||    61
       Tentacles         |     8 |    15 |    16 ||    39
       Punch             |     2 |       |     2 ||     4
       Kick              |     5 |     2 |     2 ||     9
 Cast: Beastly Appendage |     4 |     3 |     2 ||     9
       Spider Form       |     3 |    10 |    21 ||    34
       Blade Hands       |       |       |     7 ||     7
 Abil: End Transformatio |       |       |     1 ||     1
  Use: Potion            |     2 |     3 |       ||     5
       Scroll            |       |     9 |     8 ||    17
 Stab: Sleeping          |     1 |     4 |     2 ||     7
  Eat: Chunk             |     1 |    10 |    20 ||    31
Armor: Skin              |     7 |     8 |     7 ||    22
Dodge: Dodged            |    69 |   102 |   214 ||   385

Table legend:
 A = Non-vault XP
 B = Vault XP
 C = Vault XP percentage of total XP
 D = Non-vault monster count
 E = Vault monster count
 F = Vault count percentage of total count
                 A         B        C        D         E       F
            +---------+---------+-------+---------+---------+-------
      Total |    2547 |     596 |  19.0 |     120 |      48 |  28.6
            +---------+---------+-------+---------+---------+-------
        D:1 |      40 |       8 |  16.7 |      24 |       6 |  20.0
        D:2 |      57 |      56 |  49.6 |      15 |      22 |  59.5
        D:3 |      30 |       0 |   0.0 |      14 |       0 |   0.0
        D:4 |     466 |       0 |   0.0 |      10 |       0 |   0.0
        D:5 |     717 |     176 |  19.7 |      19 |      12 |  38.7
        D:6 |     370 |     188 |  33.7 |      20 |       1 |   4.8
        D:7 |     867 |       0 |   0.0 |      18 |       0 |   0.0
      Sewer |       0 |     168 | 100.0 |       0 |       7 | 100.0
            +---------+---------+-------+---------+---------+-------
